 Dungeon Crawl Stone Soup version 0.32-a0-768-g0f6f1dd4b9 (webtiles) character file.

Game seed: 8001785739803586522

2180 Dirtsage the Carver (level 9, -2/64 HPs)
             Began as a Demonspawn Monk on Mar 18, 2024.
             Was a Believer of Ru.
             Killed from afar by an electric eel (16 damage)
             ... with a bolt of electricity
             ... on level 6 of the Dungeon.
             The game lasted 00:20:06 (6883 turns).

Dirtsage the Carver (Demonspawn Monk)               Turns: 6883, Time: 00:20:07

Health: -2/64      AC:  5    Str: 12    XL:     9   Next: 11%
Magic:  9/9        EV: 10    Int: 11    God:    Ru [**....]
Gold:   293        SH:  0    Dex: 19    Spells: 8/8 levels left

rFire   . . .        f - +0 scimitar
rCold   . . .        d - orb {light}
rNeg    . . .        n - +0 ring mail
rPois   .            (no helmet)
rElec   .            (no cloak)
rCorr   .            (no gloves)
SInv    .            (no boots)
Will    .....        (no amulet)
Stlth   +            (no ring)
HPRegen 0.30/turn    (no ring)
MPRegen 0.11/turn

%: no passive effects
@: very slow
A: foul stench 2, inability to use devices, foul shadow 1
a: Renounce Religion


You were on level 6 of the Dungeon.
You worshipped Ru.
Ru was pleased with you.
You visited 2 branches of the dungeon, and saw 7 of its levels.
You also visited: Ossuary.

You collected 317 gold pieces.
You spent 24 gold pieces at shops.

Inventory:

Hand Weapons
 a - a +0 falchion
 f - a +0 scimitar (weapon)
 m - a +2 short sword of flaming
 F - a +0 vampiric short sword
Missiles
 b - 4 curare-tipped darts
 H - a throwing net (quivered)
Armour
 d - an orb of light (worn)
 n - a +0 ring mail (worn)
Jewellery
 z - a ring of fire
 G - a +6 ring of intelligence
Scrolls
 e - a scroll of amnesia {unknown}
 i - a scroll of vulnerability {unknown}
 j - 2 scrolls of enchant armour {unknown}
 o - a scroll of fog {unknown}
 s - 3 scrolls of immolation {unknown}
 u - a scroll of torment {unknown}
 v - a scroll of silence {unknown}
 w - a scroll of acquirement {unknown}
 y - a scroll of poison
 A - 3 scrolls of teleportation {unknown}
 B - a scroll of blinking {unknown}
 C - 2 scrolls of enchant weapon {unknown}
 D - 3 scrolls of fear {unknown}
Potions
 c - 2 potions of ambrosia
 g - 3 potions of lignification
 h - 3 potions of haste
 k - 3 potions of enlightenment
 l - 2 potions of heal wounds
 p - a potion of magic {unknown}
 q - a potion of curing
 r - 2 potions of cancellation
 t - 3 potions of brilliance
 x - a potion of mutation
 E - a potion of attraction


   Skills:
 + Level 3.3 Fighting
 * Level 11.1 Long Blades
 + Level 1.0 Armour
 + Level 3.0 Dodging


You had 8 spell levels left.
You didn't know any spells.
Your spell library contained the following spells:

 Spells                   Type           Power      Damage    Failure   Level
 Foxfire                  Conj/Fire      0%         2x1d4     63%         1
 Blink                    Tloc           0%         N/A       77%         2
 Ensorcelled Hibernation  Hex/Ice        0%         N/A       77%         2
 Lesser Beckoning         Tloc           0%         N/A       77%         2
 Momentum Strike          Conj/Tloc      0%         3d8       77%         2
 Gell's Gravitas          Tloc           0%         N/A       94%         3
 Passwall                 Erth           0%         N/A       94%         3
 Swiftness                Air            0%         N/A       94%         3
 Teleport Other           Tloc           0%         N/A       94%         3
 Dispersal                Tloc           0%         N/A       100%        6
 Plasma Beam              Fire/Air       0%         2x1d10    100%        6
 Starburst                Conj/Fire      0%         6d3       100%        6


Dungeon Overview and Level Annotations

Branches:
Dungeon (6/15)             Temple (1/1) D:4         Ossuary (visited)

Altars:
Ashenzari
Cheibriados
Dithmenos
Gozag
Hepliaklqana
Kikubaaqudgha
Makhleb
Nemelex Xobeh
Qazlal
Ru
Uskayaw
Vehumet
Xom
Yredelemnul

Shops:
D:5 (**

Annotations:
Temple 2 transporters


Innate Abilities, Weirdness & Mutations

You sometimes emit foul miasma when damaged in melee.
You cannot study or use magical devices.
You are faintly shadowed, very rarely releasing foul flame when damaged in melee.


Message History

You take 9 damage, and have 55/64 hp.
You completely miss the electric eel.
The electric eel shoots out a bolt of lightning at you!
The bolt of electricity hits you!
You take 12 damage, and have 43/64 hp.
You closely miss the electric eel. You completely miss the electric eel.
The electric eel shoots out a bolt of lightning at you!
The bolt of electricity hits the plant!
The plant begins to die.
The bolt of electricity hits you!
You take 12 damage, and have 31/64 hp.
You slash the electric eel!
The electric eel is heavily wounded.
Your unstable footing causes you to fumble your attack.
Your unstable footing causes you to fumble your attack.
You redirect the electric eel's attack!
The electric eel shoots out a bolt of lightning at the electric eel!
The bolt of electricity hits the electric eel.
The electric eel completely resists.
The electric eel shoots out a bolt of lightning at you!
The bolt of electricity hits the plant!
The bolt of electricity misses you.
You miss the electric eel.
The electric eel is heavily wounded.
A nearby plant withers and dies.
Your unstable footing causes you to fumble your attack.
The electric eel shoots out a bolt of lightning at you!
The bolt of electricity misses you.
The electric eel shoots out a bolt of lightning at you!
The bolt of electricity hits you!
You focus your inner power and blind the electric eel in retribution!
You take 7 damage, and have 25/64 hp.
You hit the electric eel.
The electric eel is severely wounded.
The electric eel shoots out a bolt of lightning at you!
The bolt of electricity hits you!
* * * LOW HITPOINT WARNING * * *
The electric eel shoots out a bolt of lightning at you!
The bolt of electricity hits you!
You die...
Ru respects your ultimate sacrifice.

### #P♣~~♣P~~≈≈≈≈≈≈≈~≈ ♣~.
♣~~~~~~~≈≈≈≈≈≈≈≈≈≈≈♣~P~~~~~
♣~~♣~~~≈≈≈≈≈≈≈≈≈≈≈≈~~~♣P~ ♣
♣P~~~~~≈≈≈S≈≈≈≈≈≈≈≈~~~~P~~
~~~~~~≈≈≈≈≈≈≈≈≈≈≈≈≈P~~P~~♣
♣~~~~~≈≈≈≈≈≈≈≈≈≈P~~~♣~~PP
♣~P~♣~~≈~S≈≈≈≈≈~P~~~P~♣♣#
♣~~~♣~~@≈≈≈≈~~P~~~~P~♣.#
♣♣~~♣~~~~~♣~~~~~~~~♣...#
#..♣♣♣~♣♣~~♣♣P...♣##..#
#..#.♣.♣.♣.♣♣....# #..#
#..........###.#####..#
####.####### #......... #.#
#####....) #.# #.....
#.#############.....


You could see 2 electric eels.

Vanquished Creatures
  A water moccasin (D:5)
  A black bear (D:5)
  2 ice beasts
  A sky beast (D:5)
  3 ogres
  A centaur (D:5)
  A kobold brigand (D:6)
  3 scorpions
  A wight (D:5)
  A bombardier beetle (D:5)
  7 bullfrog zombies (Ossuary)
  2 hounds (D:5)
  A gnoll bouda (D:5)
  2 iguanas
  An orc wizard (D:5)
  4 crocodile zombies (Ossuary)
  10 hound zombies (Ossuary)
  6 mummies
  4 howler monkey zombies (Ossuary)
  3 gnolls (D:5)
  6 adders
  2 white imps
  6 ufetubi (D:5)
  8 ribbon worms
  6 dart slugs
  12 orcs
  10 ball pythons
  8 bats
  5 endoplasms
  5 hobgoblins
  13 kobolds
  4 quokkas
  3 ball python zombies (Ossuary)
  2 frilled lizards (D:1)
  5 goblins
  4 rats
154 creatures vanquished.

Notes
Turn   | Place    | Note
-------+----------+-------------------------------------------
     0 | D:1      | Dirtsage the Demonspawn Monk began the quest for the Orb.
     0 | D:1      | Reached XP level 1. HP: 18/18 MP: 1/1
   119 | D:1      | Reached skill level 3 in Long Blades
   192 | D:1      | Gained mutation: You may rarely emit foul miasma when
                  | damaged in melee. [demonic ancestry]
   192 | D:1      | Reached XP level 2. HP: 18/24 MP: 2/2
   784 | D:2      | Reached XP level 3. HP: 24/29 MP: 3/3
   927 | D:2      | Reached skill level 4 in Long Blades
  1518 | D:3      | Reached XP level 4. HP: 35/35 MP: 4/4
  2133 | D:3      | Found a faded altar of an unknown god.
  2348 | D:4      | Found a sand-covered staircase.
  2359 | D:4      | Reached skill level 5 in Long Blades
  2362 | Ossuary  | Entered an ossuary
  2446 | Ossuary  | Gained mutation: You sometimes emit foul miasma when
                  | damaged in melee. [demonic ancestry]
  2446 | Ossuary  | Reached XP level 5. HP: 31/41 MP: 5/5
  2534 | Ossuary  | Reached skill level 6 in Long Blades
  2585 | Ossuary  | Reached XP level 6. HP: 43/47 MP: 6/6
  2700 | Ossuary  | Reached skill level 7 in Long Blades
  3117 | Ossuary  | Reached XP level 7. HP: 40/52 MP: 7/7
  3433 | Ossuary  | Reached skill level 8 in Long Blades
  3709 | D:4      | Found a staircase to the Ecumenical Temple.
  3716 | Temple   | Found a transporter.
  3716 | Temple   | Found a transporter.
  3716 | Temple   | Found a transporter.
  3716 | Temple   | Found a transporter.
  3716 | Temple   | Entered the Ecumenical Temple
  3734 | Temple   | Became a worshipper of Ru the Awakened
  3739 | Temple   | Gained mutation: You cannot study or use magical devices.
                  | [Ru sacrifice]
  3739 | Temple   | Reached * piety under Ru
  3739 | Temple   | Reached ** piety under Ru
  4382 | D:5      | Entered Level 5 of the Dungeon
  4576 | D:5      | Found a sparkling altar of Nemelex Xobeh.
  4611 | D:5      | Reached skill level 9 in Long Blades
  4611 | D:5      | Reached XP level 8. HP: 50/58 MP: 8/8
  4993 | D:5      | Reached skill level 10 in Long Blades
  5569 | D:5      | Found Loxkuew's Assorted Antiques.
  5623 | D:5      | Found Wawev's General Store.
  5629 | D:5      | Bought a scroll of identify for 24 gold pieces
  5823 | D:5      | Found Tejet's Weapon Emporium.
  5988 | D:6      | Reached skill level 11 in Long Blades
  6280 | D:6      | Gained mutation: You are faintly shadowed, very rarely
                  | releasing foul flame when damaged in melee. [demonic
                  | ancestry]
  6280 | D:6      | Reached XP level 9. HP: 63/63 MP: 9/9
  6543 | D:6      | Reached skill level 1 in Armour
  6883 | D:6      | Killed from afar by an electric eel

Illustrated notes

Levels and vault maps discovered:
D:1:      elethiomel_arrival_fortress_basement, layout_loops_ring
D:2:      layout_basic
D:3:      layout_basic, hellmonk_ecumenical_altar_heavens_door
D:4:      layout_cave_pools, minmay_temple_entry_tees, gup_ossuary_entry_pyramid
D:5:      layout_loops_ring, nemelex_diamond_rough_becter, serial_shops,
          nicolae_shop_stone, nicolae_shop_rolling_square, shop, minmay_bent
D:6:      layout_loops_ring, nicolae_overflow_hidden_temple, serial_bayou_lake_a
Temple:   hellmonk_temple_divided_pantheon

Skill      XL: |  1  2  3  4  5  6  7  8  9 |
---------------+----------------------------+-----
Long Blades    | 3 4 5 6 7 9 11 | 11.1
Armour         | 1 |  1.0
Dodging        | 3 |  3.0
Fighting       | |  3.3

Action                     |  1- 3 |  4- 6 |  7- 9 || total
---------------------------+-------+-------+-------++-------
  Melee: Falchion          |    40 |   143 |   334 ||   517
         Short sword       |    66 |    77 |       ||   143
         Scimitar          |       |       |    26 ||    26
  Throw: Dart              |       |       |     1 ||     1
 Invoke: Sacrifice Artific |       |       |     1 ||     1
    Use: Potion            |       |     1 |       ||     1
         Scroll            |       |       |    10 ||    10
   Stab: Invisible         |       |       |     3 ||     3
         Distracted        |       |       |     2 ||     2
 Armour: Leather armour    |    45 |       |       ||    45
         Robe              |     6 |       |       ||     6
         Ring mail         |    20 |   106 |   203 ||   329
         Skin              |       |    18 |       ||    18
  Dodge: Dodged            |    53 |    79 |   147 ||   279

Table legend: (Time is in decaauts)
 A = Elapsed time spent in this place.
 B = Non-inter-level travel time spent in this place.
 C = Inter-level travel time spent in this place.
 D = Time resting spent in this place.
 E = Time spent auto-exploring this place.
 F = Levels seen in this place.
 G = Mean time per level.
                   A        B        C        D        E       F      G
               +--------+--------+--------+--------+--------+-----+--------+
         Total |   6848 |   6411 |    437 |    422 |   4676 |   8 |  856.0 |
       Dungeon |   5575 |   5142 |    433 |    181 |   3988 |   6 |  929.2 |
        Temple |     32 |     28 |      4 |      0 |      0 |   1 |   32.0 |
       Ossuary |   1240 |   1240 |      0 |    241 |    687 |   1 | 1240.0 |
               +--------+--------+--------+--------+--------+-----+--------+

Top non-repeatable levels by time:
     D:5: 1506 daAuts
 Ossuary: 1240 daAuts
     D:3: 954 daAuts
     D:4: 933 daAuts
     D:1: 808 daAuts
     D:2: 704 daAuts
     D:6: 668 daAuts
  Temple: 32 daAuts
